 Dungeon Crawl Stone Soup version 0.23.0-3-gf3c87f2df8 (webtiles) character file.

Game seed: 327231954604394978

256 bpy6 the Covered (level 6, -3/39 HPs)
             Began as a Gargoyle Fighter on Feb 21, 2019.
             Killed by divine providence
             ... invoked by an orc priest
              (13 damage)
             ... on level 3 of the Dungeon.
             The game lasted 00:07:50 (2225 turns).

bpy6 the Covered (Gargoyle Fighter)                 Turns: 2225, Time: 00:07:51

Health: -3/39      AC: 12    Str: 22    XL:     6   Next: 15%
Magic:  6/6        EV:  7    Int:  8    God:
Gold:   114        SH:  9    Dex:  9    Spells: 5/5 levels left

rFire    . . .     SeeInvis .   a - +0 flail
rCold    . . .     Gourm    .   c - +0 shield
rNeg     + . .     Faith    .   b - +0 scale mail
rPois    ∞         Spirit   .   r - +0 helmet
rElec    +         Reflect  .   (no cloak)
rCorr    .         Harm     .   (no gloves)
MR       .....                  (no boots)
Stlth    ..........             (no amulet)
HPRegen  0.13/turn              (no ring)
MPRegen  0.10/turn              (no ring)

@: no status effects
A: negative energy resistance 1, electricity resistance, unbreathing,
petrification resistance, rot immunity, AC +4
a: no special abilities


You were on level 3 of the Dungeon.
You were not hungry.

You visited 1 branch of the dungeon, and saw 3 of its levels.

You collected 114 gold pieces.

Inventory:

Hand Weapons
 a - a +0 flail (weapon)
 v - a +0 hunting sling of freezing
Armour
 b - a +0 scale mail (worn)
 c - a +0 shield (worn)
 r - a +0 helmet (worn)
Wands
 u - a wand of enslavement (7)
Scrolls
 g - a scroll of enchant armour {unknown}
 h - a scroll of immolation {unknown}
 i - a scroll of fog {unknown}
 n - 3 scrolls of teleportation {unknown}
 o - 4 scrolls of identify
 p - 2 scrolls of remove curse {unknown}
 s - a scroll of magic mapping {unknown}
 t - a scroll of amnesia {unknown}
 w - a scroll of fear {unknown}
Potions
 d - a potion of might
 e - 3 potions of curing {unknown}
 j - 3 potions of magic
 k - a potion of lignification {unknown}
 l - a potion of mutation {unknown}
 m - a potion of heal wounds {unknown}
 q - a potion of ambrosia {unknown}
Comestibles
 f - 2 rations


   Skills:
 + Level 4.6 Fighting
 + Level 3.5 Maces & Flails
 + Level 4.6 Armour
 + Level 4.6 Shields


You had 5 spell levels left.
You didn't know any spells.
Your spell library was empty.

Dungeon Overview and Level Annotations

Branches:
Dungeon (3/15)

Altars:
Hepliaklqana


Innate Abilities, Weirdness & Mutations

You are resistant to torment.
Your stone body is resilient. (AC +4)
You are immune to poison.
You resist negative energy. (rN+)
You are resistant to electric shocks. (rElec)
You can survive without breathing.
You are immune to petrification.
You are immune to rotting.


Message History

An orc comes into view. It is wielding a +0 dagger.
The orc priest invokes the aid of Beogh against you.
Beogh smites you!
The orc shouts!
You barely miss the orc priest.
The orc priest hits you but does no damage. x2
You barely miss the orc priest. You block the orc's attack.
The orc priest hits you but does no damage.
The orc barely misses you.
You barely miss the orc priest. You block the orc priest's attack.
The orc priest calls down the wrath of Beogh upon you.
Beogh smites you! The orc closely misses you.
Your shield and scale mail prevent you from hitting the orc.
You block the orc's attack.
Your shield prevents you from hitting the orc.
The orc hits you with a +0 hand axe.
* * * LOW HITPOINT WARNING * * *
The orc priest invokes the aid of Beogh against you.
Beogh smites you!
You die...

##################
#..)....@oooor....
#.#########o####..
#.# .# #.# .# #>#
.. #.# ## #.# #
#.# .# #.# #####.#


You could see 2 orc priests, 3 orcs and a rat.

Vanquished Creatures
  A hound (D:3)
  2 orc priests (D:3)
  Jessica (D:2)
  Robin (D:2)
  4 adders
  An ooze (D:3)
  2 worms (D:3)
  2 dart slugs
  4 leopard geckos
  4 orcs
  5 bats
  2 giant cockroaches (D:3)
  6 goblins
  14 hobgoblins
  4 jackals (D:3)
  8 kobolds
  2 quokkas
  A ball python (D:1)
  3 frilled lizards
  3 rats
70 creatures vanquished.

Notes
Turn   | Place    | Note
-------+----------+-------------------------------------------
     0 | D:1      | bpy6 the Gargoyle Fighter began the quest for the Orb.
     0 | D:1      | Reached XP level 1. HP: 14/14 MP: 1/1
   349 | D:1      | Reached XP level 2. HP: 19/19 MP: 2/2
   872 | D:2      | Reached XP level 3. HP: 23/23 MP: 3/3
   897 | D:2      | Noticed Jessica
   907 | D:2      | Killed Jessica
   925 | D:2      | Reached XP level 4. HP: 27/29 MP: 4/4
   927 | D:2      | Noticed Robin
  1026 | D:2      | Killed Robin
  1487 | D:2      | Found a hazy altar of Hepliaklqana.
  1597 | D:3      | Reached XP level 5. HP: 24/33 MP: 5/5
  2089 | D:3      | Reached XP level 6. HP: 28/39 MP: 6/6
  2225 | D:3      | Killed from afar by an orc priest

Skill      XL: |  1  2  3  4 |
---------------+-------------+-----
Armour         | 4 |  4.6
Fighting       | 4 |  4.6
Shields        | 4 |  4.6
Maces & Flails | 3 |  3.5

Action                   |  1- 3 |  4- 6 || total
-------------------------+-------+-------++-------
Melee: Flail             |    79 |   235 ||   314
  Use: Scroll            |       |     1 ||     1
  Eat: Ration            |       |     2 ||     2
Armor: Scale mail        |    48 |   193 ||   241
Dodge: Dodged            |    21 |   109 ||   130
Block: Shield            |    37 |   194 ||   231
